 Dungeon Crawl Stone Soup version 0.30-a0-867-g305f33218d (webtiles) character file.

Game seed: 11695374917327954722

209 NinjaNoafa the Grasshopper (level 5, -3/26 HPs)
             Began as a Spriggan Warper on Mar 10, 2023.
             Slain by a sky beast (5 damage)
             ... on level 4 of the Dungeon.
             The game lasted 00:23:52 (3692 turns).

NinjaNoafa the Grasshopper (Spriggan Warper)        Turns: 3692, Time: 00:23:52

Health: -3/26      AC:  2    Str:  7    XL:     5   Next: 55%
Magic:  2/11       EV: 17    Int: 16    God:
Gold:   2          SH:  0    Dex: 15    Spells: 3/10 levels left

rFire   + + +      SeeInvis +    a - +2 short sword (speed)
rCold   + . .      Faith    +    (no shield)
rNeg    . . .      Spirit   .    b - +0 robe
rPois   .          Reflect  .    (helmet restricted)
rElec   .          Rampage  .    f - scarf {rC+ rF+}
rCorr   .                        (gloves unavailable)
Will    .....                    (boots unavailable)
Stlth   ++                       t - amulet of Perfectionism {Faith +Blink rF++}
HPRegen 0.24/turn                (no ring)
MPRegen 0.12/turn                (no ring)

@: very quick
A: very small, no large weapons, unfitting armour, see invisible, speed 3
a: Evoke Blink


You were on level 4 of the Dungeon.
You visited 1 branch of the dungeon, and saw 4 of its levels.

You collected 127 gold pieces.
You spent 125 gold pieces at shops.

Inventory:

Hand Weapons
 a - a +2 short sword of speed (weapon)
Missiles
 d - 7 boomerangs of dispersal
Armour
 b - a +0 robe (worn)
 f - a scarf of resistance (worn)
Jewellery
 t - the amulet of Perfectionism (around neck) {Faith +Blink rF++}
   (You bought it in a shop on level 3 of the Dungeon)

   [amulet of faith]

   It allows you to gain divine favour quickly.
   rF:        It greatly protects you from fire.
   +Blink:    It lets you blink.
Wands
 q - a wand of roots (5)
Scrolls
 c - a scroll of blinking
 h - a scroll of magic mapping
 j - a scroll of amnesia {unknown}
 k - a scroll of immolation {unknown}
 l - a scroll of enchant weapon {unknown}
 m - 2 scrolls of silence {unknown}
 r - 2 scrolls of fear {unknown}
Potions
 e - 2 potions of might
 g - 2 potions of lignification {unknown}
 i - a potion of brilliance {unknown}
 n - a potion of heal wounds
 o - 2 potions of resistance {unknown}
 p - 5 potions of curing
 s - a potion of magic {unknown}


   Skills:
 - Level 1.9 Fighting
 - Level 2.4 Short Blades
 - Level 1.0 Throwing
 - Level 3.2 Dodging
 - Level 2.8 Stealth
 - Level 3.4 Spellcasting
 - Level 5.6 Translocations
 - Level 3.2 Air Magic
 + Level 0.0 Evocations


You had 3 spell levels left.
You knew the following spells:

 Your Spells              Type           Power      Damage    Failure   Level
a - Blink                 Tloc           40%        N/A       2%          2
b - Lesser Beckoning      Tloc           40%        N/A       2%          2
c - Vhi's Electric Charg  Tloc/Air       32%        N/A       9%          3

Your spell library contained the following spells:

 Spells                   Type           Power      Damage    Failure   Level
 Gell's Gravitas          Tloc           20%        N/A       5%          3
 Teleport Other           Tloc           20%        N/A       5%          3
 Inner Flame              Hex/Fire       2%         N/A       47%         3
 Stone Arrow              Conj/Erth      4%         3d7       47%         3
 Manifold Assault         Tloc           20%        N/A       19%         4
 Animate Armour           Summ/Erth      4%         N/A       87%         4
 Cause Fear               Hex            1%         N/A       87%         4
 Summon Ice Beast         Ice/Summ       2%         N/A       87%         4
 Ozocubu's Refrigeration  Ice            1%         4d7       100%        7
 Discord                  Hex            1%         N/A       100%        8
 Lehudib's Crystal Spear  Conj/Erth      1%         10d2      100%        8
 Polar Vortex             Ice            1%         N/A       100%        9


Dungeon Overview and Level Annotations

Branches:
Dungeon (4/15)
 Temple: D:4-7

Altars:

Shops:
D:3 *

Annotations:
D:4 Ijyb


Innate Abilities, Weirdness & Mutations

You are very small and have problems with some larger weapons.
You are too small for most types of armour.
You have supernaturally acute eyesight. (SInv)
You cover ground extremely quickly. (Speed+++)


Message History

You hit the sky beast but do no damage.
The sky beast is moderately wounded.
You hit the sky beast.
The sky beast is moderately wounded.
The sky beast closely misses you.
You hit the sky beast.
The sky beast is heavily wounded.
You miss the sky beast.
The sky beast is heavily wounded.
The sky beast hits you but does no damage.
You closely miss the sky beast.
The sky beast is heavily wounded.
You hit the sky beast.
The sky beast is severely wounded.
The sky beast flickers out of sight for a moment.
The sky beast completely misses you.
You hit the sky beast.
The sky beast is almost dead.
You hit the sky beast.
The sky beast is almost dead.
The sky beast hits you.
* * * LOW HITPOINT WARNING * * *
The sky beast shocks you.
* * * LOW HITPOINT WARNING * * *
You completely miss the sky beast.
The sky beast is almost dead.
You closely miss the sky beast.
The sky beast is almost dead.
The sky beast closely misses you.
You hit the sky beast but do no damage.
The sky beast is almost dead.
The sky beast hits you but does no damage.
You closely miss the sky beast.
The sky beast is almost dead.
You barely miss the sky beast.
The sky beast is almost dead.
The sky beast hits you.
* * * LOW HITPOINT WARNING * * *
The sky beast shocks you.
You die...

.#.######...##.#.#
.........<..##.#.#
#...#####...##.#.#
#...# ##...##.#.#
#...####....##.#.#
#.........#.##.#.#
#...#####.#.##.#.#
#...# #.#.##.#Y#
....# #.#.##.#@#
..#.#####.#.##.#.#
..........#.##.#.#
..#.#######.##.#.#
.................#
.....###############
.....'.............#
.....##########.####
.....# #...#


You could see a sky beast (invisible).

Vanquished Creatures
  An orc priest (D:3)
  8 adders
  A white imp (D:3)
  A worm (D:2)
  2 dart slugs (D:2)
  2 orcs (D:3)
  5 ball pythons
  9 bats
  17 endoplasms
  2 giant cockroaches
  6 goblins
  7 hobgoblins
  7 frilled lizards
  16 kobolds
  9 rats
93 creatures vanquished.

Vanquished Creatures (others)
  2 fungi (D:2)
  10 toadstools (D:2)
12 creatures vanquished.

Grand Total: 105 creatures vanquished

Notes
Turn   | Place    | Note
-------+----------+-------------------------------------------
     0 | D:1      | NinjaNoafa the Spriggan Warper began the quest for the Orb.
     0 | D:1      | Reached XP level 1. HP: 10/10 MP: 5/5
    34 | D:1      | Reached skill level 1 in Stealth
   254 | D:1      | Reached XP level 2. HP: 12/15 MP: 6/6
   378 | D:1      | Learned a level 2 spell: Blink
   381 | D:1      | Learned a level 2 spell: Lesser Beckoning
   527 | D:1      | Found a faded altar of an unknown god.
   762 | D:2      | Reached XP level 3. HP: 18/18 MP: 8/8
   961 | D:2      | Learned a level 3 spell: Vhi's Electric Charge
  1033 | D:2      | Reached skill level 1 in Air Magic
  1120 | D:2      | Got the Anthology of Hail
  1319 | D:2      | Reached XP level 4. HP: 23/23 MP: 4/9
  1666 | D:2      | Reached skill level 5 in Translocations
  2080 | D:3      | Found Qiczor's Assorted Antiques.
  2405 | D:3      | Reached XP level 5. HP: 6/26 MP: 1/10
  3170 | D:4      | Noticed Ijyb
  3539 | D:3      | Bought a transparent sapphire amulet for 125 gold pieces
  3539 | D:3      | Identified the amulet of Perfectionism {Faith +Blink rF++}
                  | (You bought it in a shop on level 3 of the Dungeon)
  3594 | D:4      | Noticed a sky beast
  3692 | D:4      | Slain by a sky beast

Illustrated notes

Levels and vault maps discovered:
D:1:      minmay_arrival_checkered_box, layout_loops_cross,
          hellmonk_ecumenical_altar_leap_of_faith, minmay_misc_feat_roman
D:2:      cheibrodos_fertilizer, layout_basic, minmay_surrounded
D:3:      layout_loops_ring, serial_shops, nicolae_shop_trees
D:4:      layout_basic, nrook_mini_backslash, minmay_small_thing, uniq_ijyb

Skill      XL: |  1  2  3  4 |
---------------+-------------+-----
Stealth        | 2 |  2.8
Air Magic      | 2 3 |  3.2
Translocations | 5 |  5.6
Spellcasting   | 3 |  3.4
Fighting       | |  1.9
Short Blades   | |  2.4
Throwing       | |  1.0
Dodging        | |  3.2

Action                     |  1- 3 |  4- 6 || total
---------------------------+-------+-------++-------
  Melee: Short sword       |   169 |   189 ||   358
         Punch             |     1 |     3 ||     4
   Cast: Vhi's Electric Ch |     2 |    32 ||    34
    Use: Scroll            |       |     4 ||     4
   Stab: Sleeping          |     9 |     1 ||    10
         Distracted        |       |     1 ||     1
 Armour: Robe              |    10 |    22 ||    32
  Dodge: Dodged            |   106 |   110 ||   216

Table legend: (Time is in decaauts)
 A = Elapsed time spent in this place.
 B = Non-inter-level travel time spent in this place.
 C = Inter-level travel time spent in this place.
 D = Time resting spent in this place.
 E = Time spent auto-exploring this place.
 F = Levels seen in this place.
 G = Mean time per level.
                   A        B        C        D        E       F      G
               +--------+--------+--------+--------+--------+-----+--------+
         Total |   2406 |   2169 |    237 |      0 |    803 |   4 |  601.5 |
       Dungeon |   2406 |   2169 |    237 |      0 |    803 |   4 |  601.5 |
               +--------+--------+--------+--------+--------+-----+--------+

Top non-repeatable levels by time:
     D:2: 842 daAuts
     D:3: 723 daAuts
     D:1: 479 daAuts
     D:4: 360 daAuts
